 Dungeon Crawl Stone Soup version 0.25-a0-35-g747a2b3c0c (webtiles) character file.

Game seed: 17910114345646732666, levelgen mode: deterministic

5594 Chiseanne the Thaumaturge (level 10, -3/63 HPs)
             Began as a Demonspawn Wizard on Oct 18, 2019.
             Was a Follower of Vehumet.
             Slain by a black mamba (20 damage)
             ... on level 1 of the Lair of Beasts.
             The game lasted 00:35:18 (15118 turns).

Chiseanne the Thaumaturge (Demonspawn Wizard)      Turns: 15118, Time: 00:35:19

Health: -3/63      AC:  5    Str:  7    XL:     10   Next: 45%
Magic:  22/23      EV: 15    Int: 23    God:    Vehumet [*.....]
Gold:   536        SH:  6    Dex: 20    Spells: 18/27 levels left

rFire    . . .     SeeInvis .   a - +1 mace (protect)
rCold    + . .     Gourm    .   (no shield)
rNeg     . . .     Faith    .   h - +0 robe
rPois    +         Spirit   .   x - +1 helmet
rElec    .         Reflect  .   D - +0 cloak
rCorr    .         Harm     .   (no gloves)
MR       +....                  (boots unavailable)
Stlth    ++++......             (no amulet)
HPRegen  0.20/turn              C - ring of Weawic {rPois MR+ Dex+6 Stlth+}
MPRegen  0.18/turn              (no ring)

@: no status effects
A: hooves 3, large bone plates 2, agile 1, cold resistance 1, powered by pain 1,
wild magic 1
a: Renounce Religion


You were on level 1 of the Lair of Beasts.
You worshipped Vehumet.
Vehumet was aware of your devotion.
You were not hungry.

You visited 2 branches of the dungeon, and saw 11 of its levels.
You also visited: Ossuary.

You collected 536 gold pieces.

Inventory:

Hand Weapons
 a - a +1 mace of protection (weapon)
 e - a +0 club
 s - a +2 hand axe of electrocution
 u - a +0 falchion of slicing
 E - a +1 scimitar of flaming
Missiles
 c - 299 stones (quivered)
 k - 74 arrows
 m - 113 bolts
 q - 45 poisoned darts
 v - 22 sling bullets
 y - 5 atropa-tipped darts
 B - 2 curare-tipped darts
 F - 4 boomerangs
 H - 2 throwing nets
Armour
 h - a +0 robe (worn)
 n - a scarf of repulsion
 t - a +0 shield
 x - a +1 helmet (worn)
 D - a +0 cloak (worn)
Jewellery
 C - the ring of Weawic (left hand) {rPois MR+ Dex+6 Stlth+}
   (You took it off a gnoll on level 8 of the Dungeon)

   [ring of dexterity]

   It affects your dexterity (+6).
   It protects you from poison.
   It affects your resistance to hostile enchantments.
   It makes you more stealthy.
Scrolls
 f - 5 scrolls of identify
 g - 4 scrolls of remove curse
 l - a scroll of fog {unknown}
 r - a scroll of magic mapping
 A - a scroll of enchant armour
 G - a scroll of teleportation
Potions
 i - 3 potions of haste
 j - 2 potions of magic {unknown}
 o - 2 potions of mutation
 p - 2 potions of heal wounds
 w - 3 potions of lignification {unknown}
 z - 3 potions of brilliance
Comestibles
 b - 6 chunks of flesh
 d - 16 rations


   Skills:
 * Level 4.9 Dodging
 * Level 5.2 Stealth
 * Level 9.0 Spellcasting
 - Level 7.7 Conjurations
   Level 1.0 Summonings
 - Level 0.8 Translocations
 - Level 6.5 Air Magic


You had 18 spell levels left.
You knew the following spells:

 Your Spells              Type           Power        Failure   Level  Hunger
a - Magic Dart            Conj           ####         1%          1    None
b - Blink                 Tloc           N/A          11%         2    None
c - Conjure Flame         Conj/Fire      #####...     6%          3    None
d - Mephitic Cloud        Conj/Pois/Air  #####...     4%          3    None

Your spell library contained the following spells:

 Spells                   Type           Power        Failure   Level  Hunger
 Freeze                   Ice            ##..         10%         1    None
 Call Imp                 Summ           ###.....     10%         2    None
 Slow                     Hex            ##......     14%         2    None


Dungeon Overview and Level Annotations

Branches:
Dungeon (9/15)             Temple (0/1) D:4            Lair (2/6) D:9
Ossuary (visited)
  Swamp: Lair:2-4    Shoals: Lair:2-4     Snake: Lair:2-4    Spider: Lair:2-4
    Orc: D:9-12

Altars:
Vehumet

Annotations:
D:2 Sigmund
D:9 Harold


Innate Abilities, Weirdness & Mutations

You have hooves in place of feet.
You are mostly covered in large bone plates. (SH +6)
Your flesh is cold resistant. (rC+)
You sometimes gain a little power by taking damage.
You are agile. (Dex +2)
Your spells are a little harder to cast, but a little more powerful.


Message History

The black mamba closely misses you.
Casting: Magic Dart (safe; 1% risk of failure)
Confirm with . or Enter, or press ? or * to list all spells.
Aiming: Magic Dart (safe; 1% risk of failure)
Press: ? - help, Shift-Dir - straight line, f/p - black mamba
Aim: a black mamba (moderately wounded)
The magic dart hits the black mamba.
The black mamba is moderately wounded.
The black mamba bites you!
You focus on the pain.
You feel your power returning. The black mamba bites you.
* * * LOW HITPOINT WARNING * * *
Casting: Magic Dart (safe; 1% risk of failure)
Confirm with . or Enter, or press ? or * to list all spells.
Aiming: Magic Dart (safe; 1% risk of failure)
Press: ? - help, Shift-Dir - straight line, f/p - black mamba
Aim: a black mamba (moderately wounded)
The magic dart hits the black mamba but does no damage.
The black mamba is moderately wounded.
You block the black mamba's attack. The black mamba bites you!!
You die...

......# .......
......# ..$...#
).....#
########......#
.......S.......
.......@.......
...............
............#..
..........#.8..
.........## ...
####+####...
...# ... #....
....# .. #....
....##....
#.... ....#....


You could see a black mamba.

Vanquished Creatures
  Erica (D:8)
  2 hippogriffs
  5 yaks (D:9)
  3 wargs (D:9)
  Duvessa (D:7)
  2 orc warriors
  A sky beast (D:9)
  A black bear (D:6)
  An ogre (D:8)
  A phantom (D:7)
  A necrophage (D:6)
  A centaur (D:6)
  A crocodile (Lair:2)
  An elf zombie (D:5)
  9 bullfrogs
  A gnoll sergeant (D:5)
  Dowan (D:7)
  2 scorpions
  2 jellies
  A howler monkey (D:7)
  4 crimson imps
  2 bullfrog zombies
  6 hounds
  2 centaur zombies
  A centaur skeleton (D:8)
  3 orc priests
  8 orc wizards
  3 human zombies
  A human skeleton (D:5)
  An iguana (D:5)
  6 worker ants
  3 big kobold zombies (Ossuary)
  A hound zombie (Ossuary)
  A hound skeleton (D:4)
  3 mummies (Ossuary)
  A worker ant zombie (D:9)
  9 gnolls
  8 adders
  6 adder zombies
  An adder skeleton (D:9)
  A dart slug (D:4)
  3 worms
  3 leopard geckos
  22 orcs
  A ball python (D:3)
  4 giant cockroaches
  2 gnoll zombies (Ossuary)
  5 goblins
  5 hobgoblins (D:1)
  8 jackals
  3 quokkas
  A ball python skeleton (D:4)
  4 bats
  A frilled lizard (D:2)
  2 goblin zombies (Ossuary)
  6 hobgoblin zombies (Ossuary)
  4 jackal zombies (Ossuary)
  6 kobolds
  3 kobold zombies (Ossuary)
  2 orc skeletons (D:5)
  An orc zombie (Ossuary)
  A quokka skeleton (D:5)
  3 quokka zombies (Ossuary)
  4 rats
  2 rat zombies (Ossuary)
205 creatures vanquished.

Vanquished Creatures (collateral kills)
  2 scorpions (D:7)
  A gnoll shaman (D:8)
  A hound (D:8)
  2 gnolls (D:8)
  A leopard gecko (D:7)
7 creatures vanquished.

Vanquished Creatures (others)
  An orc warrior (D:7)
  A yak (D:9)
  An orc priest (D:9)
3 creatures vanquished.

Grand Total: 215 creatures vanquished

Notes
Turn   | Place    | Note
-------+----------+-------------------------------------------
     0 | D:1      | Chiseanne the Demonspawn Wizard began the quest for the
                  | Orb.
     0 | D:1      | Reached XP level 1. HP: 13/13 MP: 4/4
   584 | D:1      | Gained mutation: You are partially covered in large bone
                  | plates. (SH +4) [demonic ancestry]
   584 | D:1      | Reached XP level 2. HP: 9/19 MP: 1/6
  1576 | D:1      | Gained mutation: Your flesh is cold resistant. (rC+)
                  | [demonic ancestry]
  1576 | D:1      | Reached XP level 3. HP: 23/24 MP: 0/8
  1726 | D:2      | Noticed Sigmund
  2255 | D:3      | Learned a level 2 spell: Blink
  2259 | D:3      | Learned a level 3 spell: Conjure Flame
  2263 | D:3      | Learned a level 3 spell: Mephitic Cloud
  2779 | D:2      | Gained mutation: You are mostly covered in large bone
                  | plates. (SH +6) [demonic ancestry]
  2779 | D:2      | Reached XP level 4. HP: 30/30 MP: 6/9
  3021 | D:3      | Reached skill level 4 in Spellcasting
  3021 | D:3      | Reached skill level 1 in Air Magic
  3286 | D:3      | Reached XP level 5. HP: 35/35 MP: 1/11
  4693 | D:4      | Found a staircase to the Ecumenical Temple.
  5051 | D:4      | Gained mutation: You have large cloven feet. [demonic
                  | ancestry]
  5051 | D:4      | Reached XP level 6. HP: 41/41 MP: 8/12
  5427 | D:5      | Entered Level 5 of the Dungeon
  5924 | D:5      | Found a sand-covered staircase.
  5949 | D:5      | Reached skill level 5 in Spellcasting
  6066 | Ossuary  | Entered an ossuary
  6388 | Ossuary  | Gained mutation: You have hoof-like feet. [demonic
                  | ancestry]
  6388 | Ossuary  | Reached XP level 7. HP: 42/46 MP: 7/14
  7836 | D:5      | Gained mutation: You are agile. (Dex +2) [potion of
                  | mutation]
  7836 | D:5      | Gained mutation: Your spells are a little harder to cast,
                  | but a little more powerful. [potion of mutation]
  7867 | D:5      | Reached skill level 5 in Conjurations
  8878 | D:5      | Gained mutation: You have hooves in place of feet. [demonic
                  | ancestry]
  8878 | D:5      | Reached XP level 8. HP: 51/52 MP: 2/16
  9802 | D:6      | Reached skill level 6 in Spellcasting
 10131 | D:6      | Reached skill level 5 in Air Magic
 10961 | D:6      | Found a radiant altar of Vehumet.
 10973 | D:6      | Became a worshipper of Vehumet
 11580 | D:7      | Reached skill level 7 in Spellcasting
 11585 | D:7      | Reached XP level 9. HP: 57/57 MP: 11/19
 12093 | D:7      | Noticed Dowan
 12094 | D:7      | Noticed Duvessa
 12112 | D:7      | Killed Duvessa
 12116 | D:7      | Killed Dowan
 12844 | D:8      | Identified the ring of Weawic {rPois MR+ Dex+6 Stlth+}
 12994 | D:8      | Reached * piety under Vehumet
 12994 | D:8      | Offered knowledge of Freeze by Vehumet.
 13146 | D:8      | Noticed Erica
 13168 | D:8      | Killed Erica
 13168 | D:8      | Reached skill level 8 in Spellcasting
 13612 | D:8      | Noticed Harold
 14022 | D:9      | Gained mutation: You sometimes gain a little power by
                  | taking damage. [demonic ancestry]
 14022 | D:9      | Reached XP level 10. HP: 51/63 MP: 13/22
 14261 | D:9      | Found a staircase to the Lair.
 14576 | D:9      | Noticed a two-headed ogre
 14738 | Lair:1   | Entered Level 1 of the Lair of Beasts
 14752 | Lair:1   | Reached skill level 5 in Stealth
 14950 | Lair:2   | Reached skill level 9 in Spellcasting
 15113 | Lair:1   | Noticed a black mamba
 15118 | Lair:1   | Slain by a black mamba

Levels and vault maps discovered:
D:1:      doesnt_arrival_eight_statues, layout_basic
D:2:      layout_loops_ring, uniq_sigmund
D:3:      layout_loops_corners, first_ration, cheibrodos_gnoll_hut
D:4:      layout_gridville, temple_statues, minmay_crossroads
D:5:      kennysheep_big_flooded_room, layout_layer_cave,
          nicolae_ossuary_entry_catacombs
D:6:      layout_basic, lemuel_doored_altar, hangedman_abyss_or_decor_stagger
D:7:      layout_cave_pools, serial_column_ruins, column_ruins_open_small,
          column_ruins_grid_1, column_ruins_corridor_straight,
          column_ruins_grid_4, column_ruins_corridor_corner, uniq_duvessa
D:8:      layout_loops_ring, uniq_harold, uniq_erica
D:9:      layout_loops_ring, erik_lair_orcish_takeover, david_orc_2
Lair:1:   layout_regular_city, minmay_stone_trees_medium, grunt_megastairs_5,
          lemuel_fruit_tree
Lair:2:   layout_cave_pods, enter_volcano_1

Skill      XL: |  1  2  3  4  5  6  7  8  9 10 |
---------------+-------------------------------+-----
Conjurations   | 2 3 4 5 6 7 |  7.7
Spellcasting   | 4 5 7 8 9 |  9.0
Air Magic      | 1 2 3 4 5 6 |  6.5
Stealth        | 3 5 |  5.2
Dodging        | 3 4 |  4.9
Summonings     | |  1.0
Translocations | |  0.8

Action                   |  1- 3 |  4- 6 |  7- 9 | 10-12 || total
-------------------------+-------+-------+-------+-------++-------
Melee: Hand axe          |    22 |    10 |       |       ||    32
       Mace              |       |    74 |   123 |    49 ||   246
       Kick              |       |    18 |    38 |    16 ||    72
 Cast: Magic Dart        |    98 |   152 |   369 |    56 ||   675
       Mephitic Cloud    |     1 |     9 |    33 |    19 ||    62
       Blink             |       |     1 |    12 |     7 ||    20
       Conjure Flame     |       |       |    29 |    13 ||    42
Evoke: Wand              |       |       |    15 |     3 ||    18
  Use: Scroll            |       |     7 |     6 |     4 ||    17
       Potion            |       |     1 |     7 |       ||     8
 Stab: Sleeping          |     2 |     1 |       |       ||     3
       Confused          |       |     2 |     9 |     5 ||    16
  Eat: Chunk             |     5 |     5 |    13 |     5 ||    28
       Ration            |       |     2 |     3 |       ||     5
Armor: Robe              |    11 |    38 |    56 |    20 ||   125
Dodge: Dodged            |    38 |    86 |   109 |    53 ||   286
       Deflected         |       |       |     1 |       ||     1
Block: Other             |    16 |    24 |    59 |    30 ||   129

Table legend:
 A = Non-vault XP
 B = Vault XP
 C = Vault XP percentage of total XP
 D = Non-vault monster count
 E = Vault monster count
 F = Vault count percentage of total count
                 A         B        C        D         E       F
            +---------+---------+-------+---------+---------+-------
      Total |    5319 |    2673 |  33.4 |     152 |      63 |  29.3
            +---------+---------+-------+---------+---------+-------
        D:1 |      34 |       0 |   0.0 |      15 |       0 |   0.0
        D:2 |      63 |       0 |   0.0 |      21 |       0 |   0.0
        D:3 |      25 |      82 |  76.6 |       6 |       3 |  33.3
        D:4 |     221 |      14 |   6.0 |      11 |       2 |  15.4
        D:5 |     489 |     247 |  33.6 |      19 |       7 |  26.9
        D:6 |    1191 |       0 |   0.0 |      27 |       0 |   0.0
        D:7 |     760 |     204 |  21.2 |      16 |       2 |  11.1
        D:8 |     747 |     897 |  54.6 |      14 |       1 |   6.7
        D:9 |    1578 |     608 |  27.8 |      19 |       9 |  32.1
     Lair:1 |     102 |      93 |  47.7 |       3 |       1 |  25.0
     Lair:2 |     109 |     235 |  68.3 |       1 |       1 |  50.0
    Ossuary |       0 |     293 | 100.0 |       0 |      37 | 100.0
            +---------+---------+-------+---------+---------+-------
